 Dungeon Crawl Stone Soup version 0.17-a0-1945-gfe993df (webtiles) character file.

7810 Kuldar the Carver (level 11, 0/151 HPs)
             Began as a Minotaur Chaos Knight on Oct 1, 2015.
             Slain by a ten-headed hydra (2 damage)
             ... on level 11 of the Dungeon.
             The game lasted 00:31:04 (8618 turns).

Kuldar the Carver (Minotaur Chaos Knight)           Turns: 8618, Time: 00:31:04

Health: 0/151      AC: 14    Str: 27 (30) XL:     11   Next: 1%
Magic:  8/8        EV: 12    Int:  9      God:    Xom [....*.]
Gold:   193        SH: 10    Dex:  9      Spells: 0 memorised, 10 levels left

rFire  + + .     SeeInvis .     a - +1 falchion (chaos)
rCold  . . .     Rnd*Rage +     e - +1 ring mail {rF+}
rNeg   + . .     SustAt   .     V - +0 shield
rPois  .         Gourm    .     (helmet restricted)
rElec  .         Spirit   .     v - +0 cloak of Gozag {rCorr Str+3 Slay+3} (curse)
rCorr  +         Warding  .     h - +0 pair of gloves
rMut   .         Stasis   .     r - +0 pair of boots
MR     +....                    (no amulet)
Stlth  ..........               (no ring)
                                q - ring of positive energy

@: berserking, very quick, somewhat resistant to hostile enchantments, extremely
unstealthy
A: retaliatory headbutt, fangs 1, horns 2, rough black scales 1, berserk 1,
blink, blurry vision 1, deformed body, fire resistance 1, low mp 1, magic
resistance 1, strong 1, evolution 1, subdued magic 1
a: Blink, Renounce Religion


You were on level 11 of the Dungeon.
You worshipped Xom.
You were a beloved toy of Xom.
You were not hungry.

You visited 1 branch of the dungeon, and saw 11 of its levels.

You collected 522 gold pieces.
You spent 329 gold pieces at shops.

Inventory:

Hand weapons
 a - a +1 falchion of chaos (weapon)
Armour
 e - a +1 ring mail of fire resistance (worn)
 h - a +0 pair of gloves (worn)
 r - a +0 pair of boots (worn)
 v - the cursed +0 cloak of Gozag (worn) {rCorr Str+3 Slay+3}
   (You found it on level 5 of the Dungeon)

   It affects your strength (+3).
   It affects your accuracy and damage with ranged weapons and melee attacks
   (+3).
   It protects you from acid and corrosion.
   It has a curse placed upon it.
 V - a +0 shield (worn)
Jewellery
 q - a ring of positive energy (left hand)
 t - an uncursed ring of see invisible {unknown}
 x - an uncursed ring of magical power {unknown}
 P - an uncursed ring of see invisible {unknown}
 W - an uncursed ring of protection from magic {unknown}
Magical devices
 o - a wand of digging (8)
 s - a wand of cold (7)
 w - a wand of slowing (16)
 F - a wand of flame (24)
 J - a wand of polymorph (0)
 Q - a wand of magic darts (24)
 T - a wand of enslavement (10)
 Y - a wand of heal wounds (6)
 Z - a wand of paralysis (2)
Scrolls
 k - 7 scrolls of identify
 l - 6 scrolls of fog
 n - 2 scrolls of recharging {unknown}
 p - 2 scrolls of teleportation {unknown}
 C - a scroll of magic mapping {unknown}
 K - 4 scrolls of remove curse
 L - a scroll of enchant armour {unknown}
 M - 5 scrolls of random uselessness
 N - a scroll of blinking
 X - 2 scrolls of enchant weapon
Potions
 b - 3 potions of curing
 f - a potion of cancellation {unknown}
 g - 2 potions of might {unknown}
 i - a potion of beneficial mutation {unknown}
 j - 3 potions of berserk rage {unknown}
 m - a potion of degeneration
 z - 2 potions of brilliance {unknown}
 B - 2 potions of invisibility {unknown}
 D - a potion of agility {unknown}
 G - 2 potions of mutation
 I - 3 potions of haste {unknown}
 R - 2 potions of poison {unknown}
 U - a potion of heal wounds {unknown}
Comestibles
 c - 5 bread rations
 d - 7 chunks of flesh
 E - 3 meat rations
 H - 2 royal jellies
 O - 24 fruits
 S - a slice of pizza


   Skills:
 * Level 10.3 Fighting
 * Level 10.7 Long Blades
 * Level 10.3 Armour
 * Level 9.1 Dodging
 * Level 3.9 Shields


You had 10 spell levels left.
You didn't know any spells.

Dungeon Overview and Level Annotations

Branches:
Dungeon (11/15)            Temple (0/1) D:4            Lair (0/8) D:8
    Orc: D:9-12

Altars:
Dithmenos
Elyvilon
Gozag
Okawaru
Ru
Vehumet
Xom
Zin
The Shining One

Shops:
D:5 [   D:8 }}?[


Innate Abilities, Weirdness & Mutations

You reflexively headbutt those who attack you in melee.
You have a pair of horns on your head.
You have very sharp teeth.
You are partially covered in rough black scales (AC +4, Dex -1).
You tend to lose your temper in combat.
You can translocate small distances at will.
Scrolls take you a little longer to read.
Armour fits poorly on your strangely shaped body.
Your flesh is heat resistant.
Your magical capacity is low (-10% MP).
You are resistant to hostile enchantments.
Your muscles are strong. (Str +2)
You evolve.
Your spells are a little easier to cast, but a little less powerful.


Message History

Read which item? (? for menu, Esc to quit)
Okay, then.
Drink which item? (? for menu, Esc to quit)
It was a potion of mutation.
You feel extremely strange.
You feel clumsy.
You feel a little pissed off.
Xom roars with laughter!
Xom grants you a minor favour.
A red film seems to cover your vision as you go berserk!
You feel yourself moving faster!
You feel mighty! The ten-headed hydra bites you!
* * * LOW HITPOINT WARNING * * *
The ten-headed hydra completely misses you.
You block the ten-headed hydra's attack.
The ten-headed hydra bites you but does no damage.
The ten-headed hydra bites you!
* * * LOW HITPOINT WARNING * * *
The ten-headed hydra barely misses you. x2
The ten-headed hydra bites you but does no damage.
The ten-headed hydra bites you.
You die...
Xom chuckles heartily!

..............
.............
............
#...........
#...........
#...........
#.<..
#....D......
#....
#..l@l......
....##...........
................
...............
.?.............
##...######....
#....##...# ....
#....##...# ...
#....##...#


You could see a ten-headed hydra (berserk), a wyvern and a giant gecko.

Vanquished Creatures
  A hill giant (D:10)
  A centaur zombie (D:10)
  A komodo dragon (D:8)
  A trapdoor spider zombie (D:10)
  2 yaks (D:10)
  A wyvern (D:8)
  A golden eye (D:4)
  Menkaure (D:6)
  A hippogriff (D:9)
  An orc warrior (D:8)
  6 sky beasts
  A black bear (D:7)
  2 phantoms
  A swamp drake (D:8)
  4 ogres
  4 ice beasts
  8 big kobolds
  2 centaurs (D:5)
  A brain worm (D:9)
  A crocodile (D:8)
  Blork the orc (D:6)
  5 giant frogs
  3 scorpions
  4 wights (D:10)
  3 killer bees (D:8)
  4 crimson imps
  An electric eel (D:7)
  A quasit (D:7)
  5 iguanas
  3 giant frog zombies (D:4)
  4 hounds
  2 jellies
  3 orc priests
  9 worker ants
  4 orc wizards
  Natasha (twice) (D:4)
  2 hound skeletons
  A hound zombie (D:4)
  2 worker ant zombies (D:4)
  7 gnolls
  10 adders
  2 oozes
  4 worms
  An adder skeleton (D:9)
  5 adder zombies
  5 giant geckos
  24 orcs
  2 ball pythons
  2 giant cockroaches
  8 goblins
  4 hobgoblins
  8 jackals
  14 kobolds
  4 quokkas
  11 bats
  2 giant cockroach zombies (D:4)
  A giant gecko skeleton (D:4)
  2 giant gecko zombies (D:4)
  5 giant newts
  A jackal zombie (D:4)
  A quokka skeleton (D:6)
  3 quokka zombies
  10 rats
236 creatures vanquished.

Vanquished Creatures (collateral kills)
  The ghost of chimenez the Basher, an experienced FoFi of Cheibriados (D:7)
  3 yaks (D:10)
  An ogre (D:10)
  An orc warrior (D:10)
  2 big kobolds (D:10)
  A hound (D:10)
  An adder zombie (D:7)
  3 orcs
  A jackal (D:1)
14 creatures vanquished.

Vanquished Creatures (others)
  A slave (D:4)
  An orc (D:8)
2 creatures vanquished.

Grand Total: 252 creatures vanquished

Notes
Turn   | Place    | Note
--------------------------------------------------------------
     0 | D:1      | Kuldar the Minotaur Chaos Knight began the quest for the Orb.
     0 | D:1      | Reached XP level 1. HP: 19/19 MP: 0/0
    86 | D:1      | Reached XP level 2. HP: 24/27 MP: 1/1
   354 | D:1      | XOM: harmless Ice miscast
   526 | D:1      | Reached XP level 3. HP: 24/33 MP: 2/2
   651 | D:2      | Reached skill level 4 in Fighting
   666 | D:2      | Reached XP level 4. HP: 29/40 MP: 3/3
  1117 | D:2      | XOM: harmless Divn miscast
  1159 | D:2      | XOM: harmless Trmt miscast
  1428 | D:3      | XOM: divination: magic mapping
  1429 | D:3      | Reached XP level 5. HP: 30/47 MP: 4/4
  1744 | D:3      | Found a white marble altar of Elyvilon.
  1998 | D:4      | Reached skill level 5 in Fighting
  1998 | D:4      | Reached skill level 5 in Long Blades
  2020 | D:4      | Reached XP level 6. HP: 32/56 MP: 5/5
  2022 | D:4      | XOM: blink monster(s)
  2176 | D:4      | XOM: confusion
  2179 | D:4      | XOM: summons 6 friendly demons
  2356 | D:4      | Found a staircase to the Ecumenical Temple.
  2389 | D:4      | Found a glowing golden altar of the Shining One.
  2424 | D:4      | Noticed an ogre
  2430 | D:4      | XOM: smoke on damage
  2435 | D:4      | Killed an ogre
  2435 | D:4      | Reached skill level 5 in Armour
  2757 | D:4      | XOM: smoke on damage
  2759 | D:4      | Reached XP level 7. HP: 52/61 MP: 6/6
  2762 | D:4      | XOM: 2-stop teleportation journey
  2794 | D:4      | Noticed Natasha
  2798 | D:4      | Killed Natasha
  2821 | D:4      | Noticed Pikel
  2821 | D:4      | Noticed a slave
  2821 | D:4      | Noticed a slave
  2821 | D:4      | Noticed a slave
  2821 | D:4      | Noticed a slave
  2826 | D:4      | XOM: silly message
  2826 | D:4      | XOM: butterfly on damage
  2827 | D:4      | Noticed Pikel
  2827 | D:4      | Pikel changed into Pikel the golden eye
  2830 | D:4      | XOM: confuse monster(s)
  2834 | D:4      | XOM: swap monsters
  2835 | D:4      | Killed a slave
  2835 | D:4      | XOM: destruction
  2845 | D:4      | Killed Pikel the golden eye
  2845 | D:4      | Reached skill level 6 in Long Blades
  2887 | D:4      | Got a translucent blowgun
  2971 | D:4      | Noticed Natasha
  2972 | D:4      | Killed Natasha
  3092 | D:4      | XOM: give mutations
  3092 | D:4      | Gained mutation: Your flesh is heat resistant. [Xom's grace]
  3092 | D:4      | Gained mutation: You can translocate small distances at will. [Xom's grace]
  3092 | D:4      | Gained mutation: You are resistant to hostile enchantments. [Xom's grace]
  3308 | D:5      | XOM: noise
  3308 | D:5      | Entered Level 5 of the Dungeon
  3314 | D:5      | Found Zimikioh's Antique Armour Boutique.
  3314 | D:5      | XOM: 6-stop teleportation journey
  3355 | D:5      | XOM: confuse monster(s)
  3443 | D:5      | XOM: give mutations
  3443 | D:5      | Gained mutation: You are dopey. (Int -2) [Xom's mischief]
  3443 | D:5      | Lost mutation: You are dopey. (Int -2) [Xom's mischief]
  3443 | D:5      | Gained mutation: Your body sometimes deteriorates upon taking damage. [Xom's mischief]
  3447 | D:5      | Found an opulent altar of Gozag.
  3451 | D:4      | XOM: vitrification
  3501 | D:5      | XOM: 6-stop teleportation journey
  3523 | D:5      | XOM: mild Tloc miscast
  3574 | D:5      | Reached skill level 5 in Dodging
  3574 | D:5      | Reached XP level 8. HP: 29/71 MP: 7/7
  3821 | D:5      | XOM: summons friendly white imp
  3851 | D:5      | XOM: smoke on damage
  3872 | D:5      | Lost mutation: Your body sometimes deteriorates upon taking damage. [mutagenic meat]
  3945 | D:5      | Gained mutation: Your magical capacity is low (-10% MP). [mutagenic meat]
  3946 | D:5      | Gained mutation: You have very sharp teeth. [mutagenic meat]
  3948 | D:5      | XOM: polymorph centaur -> centaur
  3953 | D:5      | Reached skill level 7 in Long Blades
  4021 | D:5      | Gained mutation: You occasionally shout uncontrollably at your foes. [mutagenic meat]
  4083 | D:5      | Found a sacrificial altar of Ru.
  4180 | D:5      | Got a translucent cloak
  4435 | D:6      | Found an iron altar of Okawaru.
  4444 | D:6      | Identified the cursed +0 cloak of Gozag {rCorr Str+3 Slay+3} (You found it on level 5 of the Dungeon)
  4452 | D:6      | Identified the +6 blowgun of a labyrinth {speed, Int-2 Dex+10} (You found it on level 4 of the Dungeon)
  4464 | D:6      | Noticed Menkaure
  4466 | D:6      | XOM: summons 2 friendly demons
  4472 | D:6      | Killed Menkaure
  4490 | D:6      | Found a radiant altar of Vehumet.
  4559 | D:6      | XOM: silly message
  4640 | D:6      | XOM: summons 4 hostile demons
  4653 | D:6      | XOM: divination: detect creatures
  4913 | D:6      | Noticed Blork the orc
  4923 | D:6      | Killed Blork the orc
  4997 | D:7      | Gained mutation: Armour fits poorly on your strangely shaped body. [mutagenic meat]
  4998 | D:7      | Gained mutation: You have large cloven feet. [mutagenic meat]
  4999 | D:7      | Lost mutation: You occasionally shout uncontrollably at your foes. [mutagenic meat]
  5072 | D:7      | XOM: mild Air miscast
  5080 | D:7      | Reached skill level 8 in Long Blades
  5080 | D:7      | Reached XP level 9. HP: 80/80 MP: 7/7
  5153 | D:7      | Gained mutation: You are partially covered in rough black scales (AC +4, Dex -1). [mutagenic meat]
  5154 | D:7      | Gained mutation: You are agile. (Dex +2) [mutagenic meat]
  5155 | D:7      | Gained mutation: Your spells are a little easier to cast, but a little less powerful. [mutagenic meat]
  5310 | D:7      | Noticed chimenez's ghost (experienced FoFi)
  5328 | D:7      | XOM: confusion
  5337 | D:7      | Killed chimenez's ghost
  5358 | D:7      | Found a shadowy altar of Dithmenos.
  5745 | D:7      | Reached skill level 9 in Long Blades
  5801 | D:7      | XOM: noise
  5876 | D:7      | Found a shadowy altar of Dithmenos.
  5969 | D:8      | Found Cijun's Antique Armour Shoppe.
  6177 | D:8      | Found Burchil's Magic Scroll Boutique.
  6178 | D:8      | Found Inocruis's Gadget Emporium.
  6196 | D:8      | Bought a scroll of fog for 28 gold pieces
  6196 | D:8      | Bought a scroll of random uselessness for 14 gold pieces
  6196 | D:8      | Bought a scroll of blinking for 105 gold pieces
  6196 | D:8      | Bought a scroll of identify for 28 gold pieces
  6196 | D:8      | Bought a scroll of remove curse for 42 gold pieces
  6196 | D:8      | Bought 2 scrolls of random uselessness for 28 gold pieces
  6196 | D:8      | Bought 2 scrolls of identify for 56 gold pieces
  6196 | D:8      | Bought a scroll of fog for 28 gold pieces
  6290 | D:8      | Reached XP level 10. HP: 91/91 MP: 8/8
  6400 | D:8      | Found a shimmering altar of Xom.
  6427 | D:8      | XOM: silly message
  6449 | D:8      | Found Hucie's Magic Scroll Boutique.
  6455 | D:8      | Found Waquag's Gadget Emporium.
  6520 | D:8      | Noticed a komodo dragon
  6526 | D:8      | XOM: enchant monster (good)
  6529 | D:8      | Killed a komodo dragon
  6544 | D:8      | XOM: summons friendly shadow imp
  6565 | D:8      | XOM: divination: detect creatures
  6599 | D:8      | Found a staircase to the Lair.
  7105 | D:9      | Found a glowing silver altar of Zin.
  7105 | D:9      | Found an iron altar of Okawaru.
  7225 | D:9      | XOM: silly message
  7239 | D:9      | XOM: noise
  7377 | D:9      | XOM: cast spell 'Statue Form'
  8066 | D:10     | Entered Level 10 of the Dungeon
  8081 | D:10     | Reached skill level 10 in Long Blades
  8098 | D:10     | XOM: summons 5 friendly demons
  8100 | D:10     | Reached skill level 1 in Shields
  8158 | D:10     | Noticed a hill giant
  8165 | D:10     | Killed a hill giant
  8165 | D:10     | Reached skill level 10 in Fighting
  8165 | D:10     | Reached skill level 10 in Armour
  8198 | D:10     | Gained mutation: Scrolls take you a little longer to read. [mutagenic meat]
  8200 | D:10     | Gained mutation: You evolve. [mutagenic meat]
  8216 | D:10     | Lost mutation: You have large cloven feet. [mutagenic meat]
  8229 | D:10     | Found a shimmering altar of Xom.
  8249 | D:10     | XOM: 2-stop teleportation journey
  8319 | D:10     | XOM: vitrification
  8428 | D:10     | Gained mutation: Your muscles are strong. (Str +2) [evolution]
  8455 | D:10     | Reached XP level 11. HP: 74/100 MP: 8/8
  8574 | D:11     | XOM: god gift: 2 fuming inky potions
  8606 | D:11     | XOM: 1-stop teleportation journey
  8607 | D:11     | Noticed a four-headed hydra
  8618 | D:11     | Lost mutation: You are agile. (Dex +2) [potion of mutation]
  8618 | D:11     | Gained mutation: You tend to lose your temper in combat. [potion of mutation]
  8618 | D:11     | XOM: potion effect (berserk rage)
  8618 | D:11     | HP: 2/151 [ten-headed hydra (15)]
  8618 | D:11     | Slain by a ten-headed hydra

Vault maps used:
D:1:      minmay_arrival_solitary_statue, grunt_decor_arrowhead
D:2:      grunt_ministairs_2
D:3:      lemuel_round_altar, hex_tiny
D:4:      temple_fountains, serial_undead, serial_undead_c, serial_undead_d,
          serial_undead_a, serial_undead_d, serial_undead_f, serial_undead_a,
          tso_metal_star, uniq_natasha, uniq_pikel
D:5:      lemuel_crystal_altar, first_bread, serial_shops,
          kennysheep_little_box, nicolae_gozag_cash_rules_everything_around_me
D:6:      lemuel_coloured_pillars_altar, basic_altar, uniq_menkaure,
          uniq_blork_the_orc
D:7:      grunt_dithmenos_smoke, kennysheep_diamond, kennysheep_cross_room
D:8:      kennysheep_six_static_rooms, erik_lair_dragon, serial_shops,
          nicolae_shop_statue_plus, shop, shop, shop, nicolae_shop_crystal,
          basic_altar
D:9:      amethyst_overflow_temple_binary, blue_anna_alchemist,
          kennysheep_generic_room_13
D:10:     special_room, xom_teletrap_fun
D:11:     serial_shops, nicolae_shop_temple_entry_statues_fountains

Action                   |  1- 3 |  4- 6 |  7- 9 | 10-12 || total
-------------------------+-------+-------+-------+-------++-------
Melee: Falchion          |    71 |   207 |   313 |   192 ||   783
Evoke: Wand              |       |       |       |     9 ||     9
  Use: Potion            |       |     1 |       |     2 ||     3
       Scroll            |       |       |     2 |       ||     2
 Stab: Paralysed         |       |     1 |     4 |     6 ||    11
       Distracted        |       |     1 |       |     1 ||     2
       Confused          |       |       |     6 |       ||     6
  Eat: Chunk             |       |     5 |    25 |    12 ||    42
       Beef jerky        |       |       |       |     1 ||     1
